 Dungeon Crawl Stone Soup version 0.29-a0-885-gb26ba3297d (webtiles) character file.

Game seed: 17148713698777614196

78 funkygono the Digger (level 4, -7/24 HPs)
             Began as a Gargoyle Earth Elementalist on July 20, 2022.
             Mangled by Crazy Yiuf
             ... wielding a +2 quarterstaff of chaos
              (10 damage)
             ... on level 2 of the Dungeon.
             The game lasted 00:02:54 (2174 turns).

funkygono the Digger (Gargoyle Earth Elementalist)  Turns: 2174, Time: 00:02:55

Health: -7/24      AC:  6    Str: 11    XL:     4   Next: 36%
Magic:  15/17      EV: 12    Int: 18    God:
Gold:   73         SH:  0    Dex: 10    Spells: 3/9 levels left

rFire   + . .      SeeInvis .   g - +0 club
rCold   x . .      Faith    .   (no shield)
rNeg    + . .      Spirit   .   a - +0 robe
rPois   ∞          Reflect  .   (no helmet)
rElec   +          Harm     .   (no cloak)
rCorr   .          Rampage  .   q - +0 pair of gloves
Will    .....                   (no boots)
Stlth   ++........              (no amulet)
HPRegen 0.08/turn               j - ring of fire
MPRegen 0.15/turn               o - ring of magical power

@: mighty
A: sickness immunity, AC +3, negative energy resistance 1, electricity
resistance, torment resistance 1, petrification resistance
a: no special abilities


You were on level 2 of the Dungeon.
You visited 1 branch of the dungeon, and saw 2 of its levels.

You collected 73 gold pieces.

Inventory:

Hand Weapons
 g - a +0 club (weapon)
Missiles
 c - a throwing net
Armour
 a - a +0 robe (worn)
 q - a +0 pair of gloves (worn)
Jewellery
 j - a ring of fire (left hand)
 n - a ring of protection from cold
 o - a ring of magical power (right hand)
Scrolls
 l - a scroll of immolation {unknown}
 m - a scroll of amnesia {unknown}
 p - a scroll of identify {unknown}
 t - a scroll of torment {unknown}
 u - a scroll of teleportation {unknown}
Potions
 b - a potion of magic
 d - a potion of might {unknown}
 e - 2 potions of resistance {unknown}
 f - a potion of curing {unknown}
 h - 2 potions of brilliance {unknown}
 i - a potion of ambrosia {unknown}
 k - 2 potions of flight {unknown}
 r - a potion of degeneration {unknown}
 s - a potion of invisibility {unknown}
 v - a potion of haste {unknown}


   Skills:
 + Level 1.9 Dodging
 - Level 2.1 Stealth
 + Level 3.0 Spellcasting
 + Level 0.7 Transmutations
 + Level 5.0 Earth Magic


You had 3 spell levels left.
You knew the following spells:

 Your Spells              Type           Power      Damage    Failure   Level
a - Sandblast             Erth           40%        2d10      1%          1
b - Passwall              Tmut/Erth      10%        N/A       8%          2
c - Stone Arrow           Conj/Erth      22%        3d8       17%         3

Your spell library contained the following spells:

 Spells                   Type           Power      Damage    Failure   Level
 Petrify                  Tmut/Erth      13%        N/A       45%         4


Dungeon Overview and Level Annotations

Branches:
Dungeon (2/15)

Altars:
Trog

Annotations:
D:2 Crazy Yiuf


Innate Abilities, Weirdness & Mutations

You are immune to sickness and miasma.
Your stone body is resilient. (AC +3)
You are immune to poison.
You resist negative energy. (rN+)
You are resistant to electric shocks. (rElec)
You are resistant to unholy torment.
You are immune to petrification.


Message History

Aiming: Sandblast (safe; 1% risk of failure)
Press: ? - help, Shift-Dir - straight line, f - quokka
Aim: a quokka (73% to hit)
The blast of sand hits the quokka!
You kill the quokka!
s - an inky potion
t - a scroll labelled HIAKEZX EKAE
u - a scroll labelled ALANE CA GEPTU You see here a quokka corpse.
You see here 3 stones.
There is a large open door here.
There is a stone staircase leading up here.
v - a bubbling orange potion
Found a stone staircase leading up.
Found a hammer.
Found a runed translucent door.
Crazy Yiuf shouts!
Crazy Yiuf cries, "Ice hand alas!"
You open the door.
Crazy Yiuf grits, "Rifle!
Fire sallow action."
Casting: Sandblast (safe; 1% risk of failure)
Confirm with . or Enter, or press ? or * to list all spells.
Aiming: Sandblast (safe; 1% risk of failure)
Press: ? - help, Shift-Dir - straight line, f - Crazy Yiuf
Aim: Crazy Yiuf, wielding a +2 quarterstaff of chaos and wearing a +0 cloak (83% to hit)
The blast of sand hits Crazy Yiuf.
Crazy Yiuf is moderately wounded.
Crazy Yiuf hits you with a +2 quarterstaff of chaos!
Space warps around you.
Crazy Yiuf hits you with a +2 quarterstaff of chaos!
* * * LOW HITPOINT WARNING * * *
You feel very mighty all of a sudden.
Casting: Sandblast (safe; 1% risk of failure)
Confirm with . or Enter, or press ? or * to list all spells.
Aiming: Sandblast (safe; 1% risk of failure)
Press: ? - help, Shift-Dir - straight line, f/p - Crazy Yiuf
Aim: Crazy Yiuf, wielding a +2 quarterstaff of chaos and wearing a +0 cloak (moderately wounded, 83% to hit)
The blast of sand hits Crazy Yiuf.
Crazy Yiuf is heavily wounded.
Crazy Yiuf hits you with a +2 quarterstaff of chaos!
You die...

...........#####..##
.########.## #....#
.# #.# ♣....♣ ####
.# #.# ♣♣...♣
#..######## .# #.#
♣♣.♣♣ #.........#
.#### #.# ♣♣.♣
#.#######.# ....#
#.# ♣.♣♣ #.# #.#
.##.# #.# ♣♣.♣ #.#
##.# .##.# #.# ♣@♣♣
#.# #..# .##># #.#
#g# #.# #.##
###.#####.## ...
#.### #.#
...........# #...#
#...# #.#
###.##.##### #)..#
###.####.###
###....##### #####
#..........#
...........#
###.####.#.#
#######.##.######
#.# #.#.#
..#####.##.##.#.#
#.# #.#.#


You could see Crazy Yiuf.

Vanquished Creatures
  2 adders (D:2)
  2 dart slugs
  4 endoplasms
  3 giant cockroaches
  9 goblins
  4 hobgoblins
  5 kobolds
  6 quokkas
  3 ball pythons
  6 bats
  5 frilled lizards
  2 rats (D:2)
51 creatures vanquished.

Notes
Turn   | Place    | Note
-------+----------+-------------------------------------------
     0 | D:1      | funkygono the Gargoyle Earth Elementalist began the quest
                  | for the Orb.
     0 | D:1      | Reached XP level 1. HP: 10/10 MP: 3/3
   153 | D:1      | Reached skill level 4 in Earth Magic
   172 | D:1      | Reached XP level 2. HP: 15/15 MP: 3/5
   215 | D:1      | Learned a level 2 spell: Passwall
   607 | D:1      | Reached XP level 3. HP: 19/19 MP: 4/6
  1155 | D:1      | Learned a level 3 spell: Stone Arrow
  1206 | D:2      | Found a faded altar of an unknown god.
  1491 | D:2      | Reached XP level 4. HP: 24/24 MP: 6/8
  1535 | D:2      | Found a bloodstained altar of Trog.
  1886 | D:2      | Reached skill level 5 in Earth Magic
  2052 | D:2      | Found a runed translucent door.
  2053 | D:2      | Noticed Crazy Yiuf
  2174 | D:2      | Mangled by Crazy Yiuf

Illustrated notes

Levels and vault maps discovered:
D:1:      dpeg_arrival_leaves_temple_mockup, layout_loops_ring
D:2:      kennysheep_big_flooded_room, layout_loops_ring,
          ebering_ecumenical_altar_box, basic_altar, wad_floor_pattern_2,
          uniq_crazy_yiuf_cottage

Skill      XL: |  1  2  3  4 |
---------------+-------------+-----
Earth Magic    | 4 5 |  5.0
Spellcasting   | 3 |  3.0
Dodging        | |  1.9
Stealth        | |  2.1
Transmutations | |  0.7

Action                   |  1- 3 |  4- 6 || total
-------------------------+-------+-------++-------
Melee: Unarmed           |     6 |       ||     6
       Club              |     9 |     7 ||    16
 Cast: Sandblast         |    52 |    19 ||    71
Armor: Robe              |    19 |    11 ||    30
Dodge: Dodged            |    28 |    17 ||    45

Table legend: (Time is in decaauts)
 A = Elapsed time spent in this place.
 B = Non-inter-level travel time spent in this place.
 C = Inter-level travel time spent in this place.
 D = Time resting spent in this place.
 E = Time spent auto-exploring this place.
 F = Levels seen in this place.
 G = Mean time per level.
                   A        B        C        D        E       F      G
               +--------+--------+--------+--------+--------+-----+--------+
         Total |   2248 |   2237 |     11 |    159 |   1733 |   2 | 1124.0 |
       Dungeon |   2248 |   2237 |     11 |    159 |   1733 |   2 | 1124.0 |
               +--------+--------+--------+--------+--------+-----+--------+

Top non-repeatable levels by time:
     D:1: 1207 daAuts
     D:2: 1040 daAuts
